 Dungeon Crawl Stone Soup version 0.27-a0-412-g8dd771eca2 (webtiles) character file.

Game seed: 10982635653288812034

64 Anon1729 the Grave Robber (level 3, -1/24 HPs)
             Began as a Mummy Necromancer on Feb 23, 2021.
             Slain by a sky beast (5 damage)
             ... on level 2 of the Dungeon.
             The game lasted 00:03:07 (2033 turns).

Anon1729 the Grave Robber (Mummy Necromancer)       Turns: 2033, Time: 00:03:07

Health: -1/24      AC:  2    Str: 11    XL:     3   Next: 91%
Magic:  7/8        EV: 12    Int: 15    God:
Gold:   44         SH:  0    Dex: 12    Spells: 8/9 levels left

rFire    x . .     SeeInvis .   b - +0 dagger
rCold    + . .     Faith    .   (no shield)
rNeg     + + +     Spirit   .   a - +0 robe
rPois    ∞         Reflect  .   (no helmet)
rElec    .         Harm     .   (no cloak)
rCorr    .         Rampage  .   (no gloves)
Will     .....                  (no boots)
Stlth    ++........             (no amulet)
HPRegen  0.08/turn              (no ring)
MPRegen  0.11/turn              (no ring)

@: no status effects
A: no potions, fire vulnerability, cold resistance 1, negative energy resistance
3, torment resistance, unbreathing
a: no special abilities


You were on level 2 of the Dungeon.
You visited 1 branch of the dungeon, and saw 2 of its levels.

You collected 44 gold pieces.

Inventory:

Hand Weapons
 b - a +0 dagger (weapon)
Missiles
 c - 4 silver boomerangs
Armour
 a - a +0 robe (worn)
Scrolls
 d - a scroll of random uselessness {unknown}


   Skills:
 - Level 1.5 Dodging
 - Level 1.5 Stealth
 + Level 3.8 Spellcasting
 * Level 5.0 Necromancy


You had 8 spell levels left.
You knew the following spells:

 Your Spells              Type           Power        Failure   Level
a - Pain                  Necr           72%          2%          1

Your spell library contained the following spells:

 Spells                   Type           Power        Failure   Level
 Animate Skeleton         Necr           36%          2%          1
 Vampiric Draining        Necr           9%           7%          3
 Animate Dead             Necr           9%           22%         4
 Agony                    Necr           18%          54%         5


Dungeon Overview and Level Annotations

Branches:
Dungeon (2/15)

Altars:
Hepliaklqana
Wu Jian


Innate Abilities, Weirdness & Mutations

You do not drink.
Your flesh is vulnerable to fire.
You are immune to poison.
Your flesh is cold resistant. (rC+)
You are immune to negative energy. (rN+++)
You are immune to unholy pain and torment.
You can survive without breathing.


Message History

Aiming: Pain (safe; 2% risk of failure)
Press: ? - help, Shift-Dir - straight line, f/p - sky beast
Aim: a sky beast (severely wounded, chance to affect: 78%)
The sky beast writhes in agony.
Casting: Pain (safe; 2% risk of failure)
Confirm with . or Enter, or press ? or * to list all spells.
Aiming: Pain (safe; 2% risk of failure)
Press: ? - help, Shift-Dir - straight line, f/p - sky beast
Aim: a sky beast (severely wounded, chance to affect: 78%)
The sky beast writhes in agony.
The sky beast hits you.
* * * LOW HITPOINT WARNING * * *
The sky beast shocks you.
* * * LOW HITPOINT WARNING * * *
There is an open door here.
There is an open door here.
The sky beast flickers out of sight!
Deactivating autopickup; reactivate with Ctrl-A.
There is an open door here.
Something is blocking the doorway!
Something completely misses you.
A sky beast appears from thin air!
Reactivating autopickup.
There is an open door here.
The sky beast flickers out of sight!
Deactivating autopickup; reactivate with Ctrl-A.
A sky beast appears from thin air!
Reactivating autopickup.
There is an open door here.
The sky beast flickers out of sight!
Deactivating autopickup; reactivate with Ctrl-A.
There is an open door here.
A sky beast appears from thin air!
Reactivating autopickup.
The sky beast flickers out of sight!
Deactivating autopickup; reactivate with Ctrl-A.
A sky beast appears from thin air!
Reactivating autopickup.
The sky beast hits you.
* * * LOW HITPOINT WARNING * * *
The sky beast shocks you.
You die...

+#..........# #.# #.#.#
...#........# #.###.#.#
.....#...#..# #.....#.#
...###..##..#.#####.#.###
.[..........#.....†.....#
..########.##########.#.#
..##..............†...#.#
###
.......###.##########.#.#
#..
.........#......@Y......#
#._
.#.............#######≈.#
#..
.#............)'.....'..#
###
##.............#######!.#
##......<..........# #..#
............÷......# #..#
.........#####.....# #<.#
.........# #.....# #..#
.........# #.....# #..#


You could see a sky beast.

Vanquished Creatures
  An adder (D:2)
  3 dart slugs (D:1)
  2 leopard geckos
  2 giant cockroaches (D:2)
  4 goblins
  6 hobgoblins
  8 jackals
  4 bats
  4 frilled lizards
  4 kobolds
  8 rats
46 creatures vanquished.

Notes
Turn   | Place    | Note
-------+----------+-------------------------------------------
     0 | D:1      | Anon1729 the Mummy Necromancer began the quest for the Orb.
     0 | D:1      | Reached XP level 1. HP: 13/13 MP: 4/4
   325 | D:1      | Reached XP level 2. HP: 19/19 MP: 0/6
  1066 | D:1      | Reached XP level 3. HP: 21/24 MP: 4/7
  1413 | D:2      | Found an ornate altar of the Wu Jian Council.
  1539 | D:2      | Found a hazy altar of Hepliaklqana.
  1767 | D:2      | Reached skill level 5 in Necromancy
  1972 | D:2      | Noticed a sky beast
  2033 | D:2      | Slain by a sky beast

Illustrated notes

Levels and vault maps discovered:
D:1:      roderic_dead_forest, layout_basic, serial_corexii_hall,
          corexii_hall_statues_t, corexii_hall_statues_u,
          corexii_hall_statues_t, chequers_hall_statues_y
D:2:      minmay_diamond_boxcup, layout_basic, nzn_wu_jian_contemplation,
          lemuel_blue_sif_altar, lemuel_round_altar, nzn_hepliaklqana_mist_gate,
          chequers_ecumenical_altar_grove, uniq_natasha

Skill      XL: |  1  2  3 |
---------------+----------+-----
Spellcasting   | 3 |  3.8
Necromancy     | 5 |  5.0
Dodging        | |  1.5
Stealth        | |  1.5

Action                   || total
-------------------------++-------
Melee: Unarmed           ||    12
       Dagger            ||     3
 Cast: Pain              ||    93
Armor: Robe              ||     6
Dodge: Dodged            ||    22

Table legend: (Time is in decaauts)
 A = Elapsed time spent in this place.
 B = Non-inter-level travel time spent in this place.
 C = Inter-level travel time spent in this place.
 D = Time resting spent in this place.
 E = Time spent auto-exploring this place.
 F = Levels seen in this place.
 G = Mean time per level.
                   A        B        C        D        E       F      G
               +--------+--------+--------+--------+--------+-----+--------+
         Total |   2031 |   2006 |     25 |     53 |   1654 |   2 | 1015.5 |
       Dungeon |   2031 |   2006 |     25 |     53 |   1654 |   2 | 1015.5 |
               +--------+--------+--------+--------+--------+-----+--------+

Top non-repeatable levels by time:
     D:1: 1379 daAuts
     D:2: 651 daAuts
